 Dungeon Crawl Stone Soup version 0.29-a0-791-ga0f254aafb (webtiles) character file.

Game seed: 4074303599389378432

7 Malachi the Sneak (level 2, -1/19 HPs)
             Began as an Octopode Brigand on July 3, 2022.
             Slain by a jackal (3 damage)
             ... on level 1 of the Dungeon.
             The game lasted 00:00:25 (72 turns).

Malachi the Sneak (Octopode Brigand)                  Turns: 72, Time: 00:00:26

Health: -1/19      AC:  1    Str: 10    XL:     2   Next: 0%
Magic:  2/2        EV: 12    Int: 13    God:
Gold:   5          SH:  0    Dex: 13    Spells: 1/1 levels left

rFire   . . .      SeeInvis .   a - +2 dagger
rCold   . . .      Faith    .   (no shield)
rNeg    . . .      Spirit   .   (helmet restricted)
rPois   .          Reflect  .   (no amulet)
rElec   .          Harm     .   (no ring)
rCorr   .          Rampage  .   (no ring)
Will    .....                   (no ring)
Stlth   ++++......              (no ring)
HPRegen 0.06/turn               (no ring)
MPRegen 0.08/turn               (no ring)
                                (no ring)
                                (no ring)

@: no status effects
A: almost no armour, amphibious, 8 rings, camouflage 1, gelatinous body 1,
(nimble swimmer 1), tentacles
a: no special abilities


You were on level 1 of the Dungeon.
You visited 1 branch of the dungeon, and saw 1 of its levels.

You collected 5 gold pieces.

Inventory:

Hand Weapons
 a - a +2 dagger (weapon)
Missiles
 b - 9 poisoned darts (quivered)
 c - 3 curare-tipped darts
Scrolls
 d - a scroll of amnesia {unknown}


   Skills:
 + Level 2.1 Fighting
 * Level 2.5 Short Blades
 - Level 2.0 Throwing
 - Level 1.0 Dodging
 - Level 5.3 Stealth


You had one spell level left.
You didn't know any spells.
Your spell library was empty.

Dungeon Overview and Level Annotations

Branches:
Dungeon (1/15)

Altars:


Innate Abilities, Weirdness & Mutations

You cannot wear most types of armour.
You are amphibious.
You can wear up to eight rings at the same time.
Your skin changes colour to match your surroundings (Stealth+).
Your rubbery body absorbs attacks. (AC +1, EV +1)
((You are camouflaged when in or above water. (Stealth+)))
You have tentacles for arms and can constrict up to eight enemies at once.


Message History

Found a book of Frost.
The helpless bat fails to defend itself.
You impale the bat!!
You kill the bat!
A dart slug and 2 jackals come into view.
Found a club.
A jackal comes into view.
The jackal barks!
The hobgoblin shouts!
The jackal bites you. The hobgoblin hits you.
The jackal barks!
You barely miss the hobgoblin. You grab the hobgoblin.
You squeeze the hobgoblin.
You kill the hobgoblin!
The jackal bites you. x2
You have reached level 2!
The jackal bites you. The jackal attacks as you move away!
The jackal closely misses you.
You are too injured to fight recklessly!
You are too injured to fight recklessly!
You are too injured to fight recklessly!
You hit the jackal but do no damage. Your grab misses the jackal.
The jackal bites you.
You closely miss the jackal. Your grab misses the jackal.
Your squeeze misses the jackal. The jackal closely misses you.
The jackal bites you but does no damage.
The jackal barely misses you.
You hit the jackal. Your grab misses the jackal.
Your squeeze misses the jackal.
The jackal is heavily wounded.
The jackal barely misses you. The jackal bites you.
* * * LOW HITPOINT WARNING * * *
You closely miss the jackal. Your grab misses the jackal. The jackal bites you.
* * * LOW HITPOINT WARNING * * *
The jackal misses you.
You miss the jackal. Your grab misses the jackal. You squeeze the jackal.
You kill the jackal!
The jackal bites you.
* * * LOW HITPOINT WARNING * * *
The jackal bites you.
You die...

#######.##
#........#
#........#
#.....†..#
########.#######
...............#####
.............†.....:
#.)#####h###........
#.h@.†.##.#.#.
#............
#......#..#..
######.#..# #.# .#
... #####.# .#.....
#.....#.......
#.......# ...
#....####. #.#


You could see 2 jackals.

Vanquished Creatures
  A bat (D:1)
  A hobgoblin (D:1)
  A jackal (D:1)
  A quokka (D:1)
  A kobold (D:1)
  3 rats (D:1)
8 creatures vanquished.

Notes
Turn   | Place    | Note
-------+----------+-------------------------------------------
     0 | D:1      | Malachi the Octopode Brigand began the quest for the Orb.
     0 | D:1      | Reached XP level 1. HP: 14/14 MP: 1/1
    64 | D:1      | Reached XP level 2. HP: 10/19 MP: 2/2
    72 | D:1      | Slain by a jackal

Illustrated notes

Levels and vault maps discovered:
D:1:      heliophobic_arrival_henge, layout_basic, serial_bayou_ford_a,
          minivault_5, solitary_fountain

Action                   || total
-------------------------++-------
Melee: Dagger            ||    13
       Constrict         ||     3
       Tentacles         ||     3
 Stab: Sleeping          ||     4
Armor: Skin              ||     1
Dodge: Dodged            ||     6

Table legend: (Time is in decaauts)
 A = Elapsed time spent in this place.
 B = Non-inter-level travel time spent in this place.
 C = Inter-level travel time spent in this place.
 D = Time resting spent in this place.
 E = Time spent auto-exploring this place.
 F = Levels seen in this place.
 G = Mean time per level.
                   A        B        C        D        E       F      G
               +--------+--------+--------+--------+--------+-----+--------+
         Total |     70 |     70 |      0 |      0 |     28 |   1 |   70.0 |
       Dungeon |     70 |     70 |      0 |      0 |     28 |   1 |   70.0 |
               +--------+--------+--------+--------+--------+-----+--------+

Top non-repeatable levels by time:
     D:1: 70 daAuts
